 Dungeon Crawl Stone Soup version 0.23.1-37-gaa34b87 (webtiles) character file.

Game seed: 313587404777130466

410 dengdeng the Chopper (level 6, -5/56 HPs)
             Began as a Hill Orc Berserker on Mar 25, 2019.
             Was a Priest of Trog.
             Killed by nerve-wracking pain
             ... invoked by Grinder
              (8 damage)
             ... on level 4 of the Dungeon.
             The game lasted 00:09:54 (2864 turns).

dengdeng the Chopper (Hill Orc Berserker)           Turns: 2864, Time: 00:09:54

Health: -5/56      AC:  8    Str: 22    XL:     6   Next: 89%
Magic:  6/6        EV: 10    Int:  7    God:    Trog [***...]
Gold:   125        SH:  0    Dex: 10    Spells: 5/5 levels left

rFire    . . .     SeeInvis .   s - +0 war axe
rCold    . . .     Gourm    .   (no shield)
rNeg     . . .     Faith    .   p - +0 scale mail
rPois    .         Spirit   .   (no helmet)
rElec    .         Reflect  .   (no cloak)
rCorr    .         Harm     .   r - +0 pair of gloves
MR       .....                  (no boots)
Stlth    ..........             (no amulet)
HPRegen  0.18/turn              (no ring)
MPRegen  0.10/turn              (no ring)

@: berserk cooldown, slowed, very slow
A: no striking features
a: Berserk, Trog's Hand, Renounce Religion


You were on level 4 of the Dungeon.
You worshipped Trog.
Trog was most pleased with you.
You were hungry.

You visited 1 branch of the dungeon, and saw 4 of its levels.

You collected 125 gold pieces.

Inventory:

Hand Weapons
 a - a +0 hand axe
 s - a +0 war axe (weapon)
Missiles
 h - 99 stones (quivered)
Armour
 p - a +0 scale mail (worn)
 r - a +0 pair of gloves (worn)
Wands
 m - a wand of polymorph (3)
Scrolls
 b - a scroll of fear {unknown}
 g - 2 scrolls of fog {unknown}
 i - 2 scrolls of enchant armour {unknown}
 j - a scroll of blinking {unknown}
 k - 2 scrolls of teleportation {unknown}
 o - 2 scrolls of identify {unknown}
 q - a scroll of enchant weapon {unknown}
Potions
 d - a potion of heal wounds {unknown}
 e - 2 potions of mutation {unknown}
 l - a potion of flight {unknown}
 n - a potion of curing {unknown}
 t - a potion of berserk rage {unknown}
Comestibles
 c - 4 rations
 f - 2 chunks of flesh


   Skills:
 + Level 5.1 Fighting
 * Level 7.6 Axes
 + Level 0.3 Throwing
 + Level 3.4 Armour
 + Level 2.3 Dodging
 + Level 0.3 Stealth


You had 5 spell levels left.
You didn't know any spells.
Your spell library was empty.

Dungeon Overview and Level Annotations

Branches:
Dungeon (3/15)

Altars:
Makhleb
Vehumet
Yredelemnul

Shops:
D:4 [

Annotations:
D:4 Grinder


Message History

Grinder hits you.
You writhe in agony.
Grinder hits you.
You writhe in agony.
* * * LOW HITPOINT WARNING * * *
You closely miss Grinder. Grinder hits you.
* * * LOW HITPOINT WARNING * * *
You writhe in agony.
* * * LOW HITPOINT WARNING * * *
You slash Grinder!
Grinder is heavily wounded.
Grinder hits you.
* * * LOW HITPOINT WARNING * * *
You writhe in agony.
* * * LOW HITPOINT WARNING * * *
Grinder barely misses you.
Unknown command.
You're still recovering from your berserk rage.
You hit Grinder but do no damage.
Grinder is heavily wounded.
Grinder gestures at you. Pain shoots through your body!
You die...

..# #.. ... .!.##.. .... #.#
#..... .5.. #.# #.#.. ....
#.# #... #..# #.# #...##..#
#.# #.#.....##
#.######.####.##.....#..
#>...[5@...)...)........
#.######.####.##........
........####÷######.###
#................÷......
######.########.......#####.#
#...... #.......# ......####
#.......#
........#####.......#
#......(..........#


You could see Grinder.

Vanquished Creatures
  An ogre (D:4)
  A scorpion (D:4)
  Crazy Yiuf (D:2)
  Natasha (thrice) (D:4)
  An iguana (D:4)
  A worker ant (D:4)
  5 adders
  2 worms
  A leopard gecko (D:2)
  4 orcs (D:4)
  A ball python (D:2)
  8 bats
  5 giant cockroaches
  5 goblins
  9 hobgoblins
  3 quokkas
  5 frilled lizards
  13 kobolds
  A quokka skeleton (D:4)
  6 rats
76 creatures vanquished.

Notes
Turn   | Place    | Note
-------+----------+-------------------------------------------
     0 | D:1      | dengdeng the Hill Orc Berserker began the quest for the
                  | Orb.
     0 | D:1      | Reached XP level 1. HP: 19/19 MP: 1/1
   156 | D:1      | Reached XP level 2. HP: 24/27 MP: 2/2
   525 | D:1      | Reached XP level 3. HP: 33/33 MP: 3/3
   849 | D:2      | Reached ** piety under Trog
  1127 | D:2      | Reached skill level 5 in Axes
  1231 | D:2      | Found a basalt altar of Yredelemnul.
  1246 | D:2      | Reached XP level 4. HP: 29/40 MP: 4/4
  1627 | D:2      | Found a burning altar of Makhleb.
  1627 | D:2      | Found a radiant altar of Vehumet.
  1745 | D:2      | Found a runed translucent door.
  1746 | D:2      | Noticed Crazy Yiuf
  1754 | D:2      | Killed Crazy Yiuf
  1948 | D:3      | Reached skill level 6 in Axes
  1988 | D:3      | Reached XP level 5. HP: 46/47 MP: 5/5
  2365 | D:3      | You fall through a shaft!
  2365 | D:4      | Found Kasheq's Antique Armour Shoppe.
  2417 | D:4      | Reached *** piety under Trog
  2417 | D:4      | Reached XP level 6. HP: 21/53 MP: 6/6
  2638 | D:4      | Noticed Natasha
  2648 | D:4      | Reached skill level 5 in Fighting
  2648 | D:4      | Reached skill level 7 in Axes
  2654 | D:4      | Killed Natasha
  2660 | D:4      | Noticed Grinder
  2665 | D:4      | Noticed Natasha
  2668 | D:4      | Killed Natasha
  2746 | D:4      | Noticed Natasha
  2757 | D:4      | Killed Natasha
  2864 | D:4      | Killed from afar by Grinder

Skill      XL: |  1  2  3  4  5  6 |
---------------+-------------------+-----
Fighting       | 4 5 |  5.1
Dodging        | 2 |  2.3
Axes           | 5 6 7 |  7.6
Armour         | 3 |  3.4
Throwing       | |  0.3
Stealth        | |  0.3

Action                   |  1- 3 |  4- 6 || total
-------------------------+-------+-------++-------
Melee: Hand axe          |   101 |    91 ||   192
       War axe           |       |    38 ||    38
Throw: Stone             |     4 |     9 ||    13
Invok: Berserk           |       |     4 ||     4
 Stab: Sleeping          |     1 |       ||     1
  Eat: Chunk             |     1 |     8 ||     9
Armor: Ring mail         |    20 |    17 ||    37
       Scale mail        |       |    28 ||    28
Dodge: Dodged            |    75 |    68 ||   143
